cohdb
Replays
Latest Replays
All Replays
Popular Replays
Top Player Replays
Match Explorer
How It Works
Community
CoH3 Stats
Reddit
Sign in to upload your games and track your stats! →
Sign in with Steam
Match 41929160
Unlisted
Match 41929160
Overview
Messages
Build Orders
End
Construct Section Command Post
Selects Canadian Shock Battlegroup
Infantry Section
Infantry Section
Dingo Light Scout Car
Construct Field Infirmary
Grenade Package
Selects Incendiary Munitions
Construct Platoon Command Post
CMP 15cwt Truck
Selects Attacking Spirit
Selects Canadian Shock Section
Selects Attacking Spirit
Selects Canadian Shock Section
Canadian Shock Section
Humber Armored Car
Unlock Bishop Self-propelled Artillery
Wüstenfuchs Erwin Rommel coh3
kenleung
Insomnia
SI-LAY-COW
BIGDOC500000
Meso
radiation
nukesgallore117
0
0
Comments
sign in to comment!
No comments posted yet!